 Dungeon Sprint DCSS version 0.22.1-1-ga44c0e56f4 (webtiles) character file.

64 KleinerIrrer the Firebug (level 3, -3/26 HPs)
             Began as a Draconian Fire Elementalist on Nov 2, 2018.
             Slain by a water elemental (5 damage)
             ... in the Dungeon (Sprint III: "The Ten Rune Challenge").
             The game lasted 00:02:33 (386 turns).

KleinerIrrer the Firebug (DrFE)                      Turns: 386, Time: 00:02:33

Health: -3/26      AC:  5    Str: 10    XL:     3   Next: 91%
Magic:  3/6        EV: 12    Int: 16    God:
Gold:   26         SH:  0    Dex: 11    Spells: 0/6 levels left

rFire    . . .     SeeInvis .   (no weapon)
rCold    . . .     Gourm    .   (no shield)
rNeg     . . .     Faith    .   (armour unavailable)
rPois    .         Spirit   .   (helmet restricted)
rElec    .         Reflect  .   (no cloak)
rCorr    .         Harm     .   (no gloves)
MR       .....     NoTele   +   (no boots)
Stlth    ++........             (no amulet)
HPRegen  0.08/turn              (no ring)
MPRegen  0.10/turn              (no ring)

@: no status effects
A: unfitting armour, horns 2, cold-blooded, AC +5
a: no special abilities


You were in the Dungeon.
You were not hungry.

You visited 1 branch You collected 26 gold pieces.

Inventory:

Scrolls
 h - a scroll of blinking
 k - a scroll of torment {unknown}
 l - 2 scrolls of identify
 m - 3 scrolls of remove curse
 n - a scroll of holy word {unknown}
Potions
 c - 2 potions of curing
 d - a potion of heal wounds
 e - a potion of haste
 f - 2 potions of magic
 g - 2 potions of berserk rage
 i - 2 potions of agility {unknown}
Comestibles
 a - 4 chunks of flesh
 b - 3 rations


   Skills:
 - Level 1.7 Dodging
 - Level 1.7 Stealth
 + Level 2.0 Spellcasting
 * Level 4.1 Conjurations
 + Level 7.1 Fire Magic


You couldn't memorise any spells.
You knew the following spells:

 Your Spells              Type           Power        Failure   Level  Hunger
a - Flame Tongue          Conj/Fire      ###..        1%          1    #......
b - Conjure Flame         Conj/Fire      ###.....     6%          3    ###....
c - Throw Flame           Conj/Fire      ###...       3%          2    ###....

Your spell library contained the following spells:

 Spells                   Type           Power        Failure   Level  Hunger
 Inner Flame              Hex/Fire       ##......     14%         3    ###....
 Sticky Flame             Conj/Fire      ###.....     21%         4    #####..
 Fireball                 Conj/Fire      ###.......   50%         5    ######.


Dungeon Overview and Level Annotations

Branches:
Dungeon (1/1)

Altars:


Innate Abilities, Weirdness & Mutations

Your plain brown scales are hard. (AC +5)
You cannot fit into any form of body armour.
You are cold-blooded and may be slowed by cold attacks.
You have a pair of horns on your head.


Message History

Aiming: Flame Tongue (safe; 1% risk of failure)
Press: ? - help, Shift-Dir - straight line, f/p - water elemental
Aim: a water elemental (lightly damaged)
The flame tongue misses the water elemental.
The water elemental hits you.
Unknown command.
Casting: Flame Tongue (safe; 1% risk of failure)
Confirm with . or Enter, or press ? or * to list all spells.
Aiming: Flame Tongue (safe; 1% risk of failure)
Press: ? - help, Shift-Dir - straight line, f/p - water elemental
Aim: a water elemental (lightly damaged)
The flame tongue hits the water elemental.
The water elemental is burned terribly!
The water elemental is moderately damaged.
The water elemental hits you!!
Ouch! That really hurt!
* * * LOW HITPOINT WARNING * * *
Unknown command.
The water elemental hits you.
You die...

▓<..#[..#### ##.#
▓...#......#####..#
▓..##.......#..#..#
▓##.##.##...#..#..# #+#+#
##.##.###..##'#..#......
▓#.####.##[.###...'.⌠....
▓.###..##..####...#...###
▓#.....##..###....# ⌠.#
###..##...##@E...# .#
##..##....#......# #
#..###..##÷#.....# #[.#
#.. ####....# ▓▓▓▓ ▓▓▓
▓▓▓▓▓▓


You could see a water elemental.

Vanquished Creatures
  Jessica (D)
  A human (D)
  A wolf (D)
  An ooze (D)
  A rat (D)
5 creatures vanquished.

Vanquished Creatures (others)
  2 draconian scorchers (D)
  6 hellions (D)
  A yaktaur (D)
9 creatures vanquished.

Grand Total: 14 creatures vanquished

Notes
Turn   | Place    | Note
-------+----------+-------------------------------------------
     0 | D        | KleinerIrrer the Draconian Fire Elementalist began the
                  | quest for the Orb.
     0 | D        | Reached XP level 1. HP: 14/14 MP: 3/3
     8 | D        | Reached skill level 4 in Fire Magic
    61 | D        | Noticed Jessica
    65 | D        | Killed Jessica
    65 | D        | Reached skill level 5 in Fire Magic
    65 | D        | Reached XP level 2. HP: 20/20 MP: 1/5
    65 | D        | Reached XP level 3. HP: 26/26 MP: 1/6
    69 | D        | Killed a yaktaur
    94 | D        | Killed a hellion
    96 | D        | Killed a hellion
    98 | D        | Killed a hellion
    99 | D        | Killed a hellion
   103 | D        | Killed a hellion
   151 | D        | Killed a hellion
   177 | D        | Reached skill level 6 in Fire Magic
   194 | D        | Killed a white draconian scorcher
   205 | D        | Killed a white draconian scorcher
   306 | D        | Learned a level 3 spell: Conjure Flame
   309 | D        | Learned a level 2 spell: Throw Flame
   326 | D        | Reached skill level 7 in Fire Magic
   347 | D        | Gained mutation: You are clumsy. (Dex -2) [potion of
                  | mutation]
   347 | D        | Gained mutation: Your spells are a little harder to cast,
                  | but a little more powerful. [potion of mutation]
   348 | D        | Lost mutation: You are clumsy. (Dex -2) [potion of
                  | mutation]
   348 | D        | Lost mutation: Your spells are a little harder to cast, but
                  | a little more powerful. [potion of mutation]
   348 | D        | Gained mutation: Your magical capacity is low. (-10% MP)
                  | [potion of mutation]
   348 | D        | Gained mutation: You are frail. (-10% HP) [potion of
                  | mutation]
   348 | D        | Gained mutation: You can translocate small distances at
                  | will. [potion of mutation]
   348 | D        | Gained mutation: Your tail ends in a poisonous barb.
                  | [potion of mutation]
   349 | D        | Lost mutation: Your magical capacity is low. (-10% MP)
                  | [potion of mutation]
   349 | D        | Lost mutation: Your tail ends in a poisonous barb. [potion
                  | of mutation]
   349 | D        | Lost mutation: You are frail. (-10% HP) [potion of
                  | mutation]
   349 | D        | Lost mutation: You can translocate small distances at will.
                  | [potion of mutation]
   349 | D        | Gained mutation: You have a pair of small horns on your
                  | head. [potion of mutation]
   349 | D        | Gained mutation: You have a pair of horns on your head.
                  | [potion of mutation]
   379 | D        | Noticed a water elemental
   386 | D        | Slain by a water elemental

Skill      XL: |  1  2  3 |
---------------+----------+-----
Conjurations   | 3 4 |  4.1
Fire Magic     | 5 7 |  7.1
Dodging        | |  1.7
Stealth        | |  1.7
Spellcasting   | |  2.0

Action                   || total
-------------------------++-------
Melee: Unarmed           ||     4
 Cast: Flame Tongue      ||    21
  Use: Potion            ||     3
       Scroll            ||     1
Armor: Skin              ||     1
Dodge: Dodged            ||    11
